Unix NetHack Version 5.0.0-0 post-release - last build May  4 2026 22:22:43 (774f63e81ad911689b3a0859ea89b322d5daca8d,branch:main).

Game began 2026-05-04 15:00:38, ended 2026-05-05 05:08:17.

EricHerman, neutral female gnomish Wizard

                        -----------------------------
                        |....|.....^................|
                        |....|.....----------------%|
                        |..........|      |.[.....%.|
                        |)..%|.....|      |.........|
                        |....|.....|      |.........|
                        |-.---------      |....S....|
                        |..%.|....|       |...*@f...|
                        |.........---     |.........|
                        |..00|000..>|     |.........|
                        |....|....---     |.........|
                        -----------       -----------

EricHerman the Thaumaturge  St:9 Dx:9 Co:14 In:19 Wi:14 Ch:10  Neutral
Dlvl:5  $:130 HP:0(27) Pw:33(58) AC:7  Xp:6 T:4083  Burdened

Latest messages:
 The spell hits the sleazoid!
 You kill the kelpie!
 In what direction?
 The spell hits Magical Trevor!
 You kill the lieutenant!
 You see here a dwarf corpse.
 You have a little trouble lifting V - a crude dagger.
 X - a food ration.
 F - a fortune cookie.
 You already found a monster.  Use 'm' prefix to force another search.
 Are you waiting to get hit?  Use 'm' prefix to force a no-op (to rest).
 The angry mariachi misses the rhinovirus.
 Are you waiting to get hit?  Use 'm' prefix to force a no-op (to rest).
 Double m prefix, canceled.
 Are you waiting to get hit?  Use 'm' prefix to force a no-op (to rest).
 The human mummy bites the rock troll.
 The elf mummy touches the red mold.
 The forest centaur bites the elf zombie.
 The nurse misses the scorpion.
 You see the monkey slither under a corpse.
 The freezing sphere misses the ettin mummy.
 The baby yellow dragon bites the titanothere.
 The homunculus is killed!
 You already found a monster.  Use 'm' prefix to force another search.
 Are you waiting to get hit?  Use 'm' prefix to force a no-op (to rest).
 What do you want to use or apply? [cl-nqswxDJT or ?*]
 In what direction?
 Status of EricHerman (piously neutral):  Level 6  HP 28(40)  AC 7.
 What do you want to use or apply? [cl-nqswxDJT or ?*]
 In what direction?
 Status of your wiki (neutral, small):  Level 5  HP 37(38)  AC 5, tame.
 You already found a monster.  Use 'm' prefix to force another search.
 Are you waiting to get hit?  Use 'm' prefix to force a no-op (to rest).
 Your knapsack cannot accommodate any more items.
 You drop a blessed +1 quarterstaff.
 You drop a +0 iron skull cap.
 You drop a red gem.
 You drop a yellowish brown gem.
 Are you waiting to get hit?  Use 'm' prefix to force a no-op (to rest).
 Everything looks SO boring now.
 You have a little trouble lifting I - a lichen corpse.
 Catbeiri bites the snake.
 The snake misses Catbeiri.
 The snake bites!
 The snake's bite was poisoned!
 You feel very sick!
 You feel weaker!
 The snake bites!
 You die...
 Do you want your possessions identified? [ynq] (y)

Inventory:
 Coins    ('$')
  $ - 130 gold pieces
 Weapons  (')')
  C - an uncursed +0 dagger (weapon in right hand)
  A - an uncursed +0 knife
  p - a blessed +0 orcish dagger
  r - an uncursed +0 orcish dagger (at the ready)
  V - an uncursed +0 orcish dagger
 Armor    ('[')
  b - an uncursed +0 cloak of magic resistance
  E - a blessed +1 leather armor (being worn)
 Comestibles  ('%')
  t - an uncursed chocolate Amulet of Yendor
  H - an uncursed food ration
  X - an uncursed food ration
  F - an uncursed fortune cookie
  u - an uncursed pancake
  Z - an uncursed pear
  Y - 2 uncursed eggs
  I - an uncursed lichen corpse
 Scrolls  ('?')
  k - an uncursed scroll of charging
  S - an uncursed scroll of confuse monster
  W - an uncursed scroll of earth
  Q - an uncursed scroll of enchant armor
  i - an uncursed scroll of enchant weapon
  B - an uncursed scroll of genocide
  j - an uncursed scroll of light
 Spellbooks  ('+')
  x - an uncursed spellbook of confuse monster
  m - an uncursed spellbook of create monster
  l - a blessed spellbook of force bolt
 Potions  ('!')
  M - an uncursed potion of extra healing
  g - an uncursed potion of gain energy
  G - an uncursed potion of gain level
  K - a blessed potion of healing
  y - 2 uncursed potions of healing
  z - a cursed potion of healing
  f - a blessed potion of levitation
  O - a cursed potion of object detection
  R - a blessed potion of oil
  L - an uncursed potion of oil
  P - an uncursed potion of restore ability
  h - an uncursed potion of speed
 Rings    ('=')
  e - an uncursed ring of see invisible
  o - an uncursed ring of see invisible
  U - an uncursed ring of sustain ability
  d - an uncursed ring of teleport control
 Wands    ('/')
  c - an uncursed wand of cancellation (0:8)
  J - an uncursed wand of digging (0:0)
  D - an uncursed wand of sleep (0:5)
  T - an uncursed wand of slow monster (0:6)
  q - an uncursed wand of stasis (0:6)
  w - an uncursed wand of teleportation (0:4)
 Tools    ('(')
  n - an uncursed magic marker (0:19)
  s - an uncursed stethoscope

EricHerman the Wizard's attributes:

Background:
 You were a Thaumaturge, a level 6 female gnomish Wizard.
 You were neutral, nominally on a mission for Thoth
 who was opposed by Ptah (lawful) and Anhur (chaotic).
 You were right-handed.
 You were in Sokoban, on level 5.
 You entered the dungeon 4083 turns ago.
 It was nighttime.
 You had 325 experience points, 315 more were needed to attain level 7.

Basics:
 You had 0 out of 27 hit points.
 You had 33 out of 58 energy points (spell power).
 Your armor class was 7.
 Your wallet contained 130 zorkmids.
 Autopickup was off.

Final Characteristics:
 Your strength was 9 (peak:12, limit:18/50).
 Your dexterity was 9 (limit:18).
 Your constitution was 14 (peak:15, limit:18).
 Your intelligence was 19 (limit:19).
 Your wisdom was 14 (limit:18).
 Your charisma was 10 (limit:18).

Final Status:
 You weren't hungry.
 You were burdened; movement was slightly slowed.
 You were wielding a dagger.
 You had basic skill with dagger.

Final Attributes:
 You were piously aligned.
 You were telepathic.
 You had infravision.
 You were warded.
 You are dead.

Miscellaneous:
 You didn't encounter any bones levels.
 Total elapsed playing time was 1 hour, 55 minutes and 27 seconds.

Major events:
 Turn
    1: EricHerman the neutral female gnomish Wizard entered the dungeon
 1197: attained the rank of Conjurer (level 3)
 2539: entered Sokoban
 3208: completed 1st Sokoban level
 4000: completed 2nd Sokoban level
 4032: attained the rank of Thaumaturge (level 6)
 4083: killed by a snake

Spells:
 Name                 Level Category     Fail Retention
 force bolt             1   attack         0%   71%-80%
 create monster         2   clerical      37%  76%-100%
 confuse monster        1   enchantment    0%   81%-90%

Skills:
 Fighting Skills
   bare handed combat [Unskilled]
   riding             [Unskilled]
 Weapon Skills
   dagger             [Basic]
   knife              [Unskilled]
   axe                [Unskilled]
   short sword        [Unskilled]
   club               [Unskilled]
   mace               [Unskilled]
   quarterstaff       [Basic]
   polearms           [Unskilled]
   spear              [Unskilled]
   trident            [Unskilled]
   sling              [Unskilled]
   dart               [Unskilled]
   shuriken           [Unskilled]
 Spellcasting Skills
   attack spells      [Basic]
   healing spells     [Unskilled]
   divination spells  [Unskilled]
   enchantment spells [Basic]
   clerical spells    [Unskilled]
   escape spells      [Unskilled]
   matter spells      [Unskilled]

Voluntary challenges:
 Character rerolling was not enabled.
 You were an atheist.
 You never genocided any monsters.
 You never polymorphed an object.
 You never changed form.
 You used no wishes.
 You did not violate any of the special Sokoban rules.
Achievements:
 You entered a shop.
 You attained the rank of Conjurer.
 You entered Sokoban.
 You attained the rank of Thaumaturge.

 The Dungeons of Doom: levels 1 to 7
    Level 1:
    Level 2:
       A food shop, a fountain.
    Level 3:
    Level 4:
       A general store, some fountains.
    Level 5:
       A fountain.
    Level 6:
       Many fountains.
       Oracle of Delphi.
    Level 7:
       An armor shop.
       Stairs up to Sokoban, level 6.
 Sokoban: levels 6 up to 5
    Level 5: <- You were here.
       Solved.
       Final resting place for
          you, killed by a snake.
    Level 6:
       Solved.


Vanquished creatures:
  a black light
  a raven
  a gnome mummy
 an imp
  a water nymph
  a mountain nymph
  2 Mordor orcs
  3 ponies
  a floating eye
  a kobold leader
  a kobold shaman
  2 hill orcs
  2 rothes
  3 orc zombies
  2 dwarf zombies
 an iguana
  6 killer bees
 an acid blob
  a gas spore
  a hobbit
  a giant rat
  3 cave spiders
  a brown mold
  a gnome
  2 garter snakes
  2 geckos
  3 jackals
  a fox
  2 kobolds
  4 goblins
  4 grid bugs
  2 bats
  4 lichens
  a kobold zombie
  7 newts
71 creatures vanquished.

No species were genocided or became extinct.

Game over:
                       ----------
                      /          \
                     /    REST    \
                    /      IN      \
                   /     PEACE      \
                  /                  \
                  |    EricHerman    |
                  |      130 Au      |
                  |   killed by a    |
                  |      snake       |
                  |                  |
                  |                  |
                  |       2026       |
                 *|     *  *  *      | *
        _________)/\\_//(\/(/\)/\//\/|_)_______

Goodbye EricHerman the Wizard...

You died in Sokoban on dungeon level 5 with 1737 points,
and 130 pieces of gold, after 4083 moves.
You were level 6 with a maximum of 27 hit points when you died.

